 Dungeon Crawl Stone Soup version 0.29.1-2-gbd0b4ee654 (webtiles) character file.

Game seed: 639685374133196748

91 xian the Trooper (level 4, -1/37 HPs)
             Began as a Demonspawn Fighter on Oct 26, 2022.
             Slain by a gnoll
             ... wielding a +0 flail
              (6 damage)
             ... on level 2 of the Dungeon.
             The game lasted 00:02:31 (1702 turns).

xian the Trooper (Demonspawn Fighter)               Turns: 1702, Time: 00:02:33

Health: -1/37      AC:  6    Str: 19    XL:     4   Next: 34%
Magic:  4/4        EV:  9    Int:  9    God:
Gold:   190        SH:  4    Dex: 12    Spells: 3/3 levels left

rFire   . . .      SeeInvis .   a - +0 war axe
rCold   . . .      Faith    .   c - +0 buckler
rNeg    . . .      Spirit   .   b - +0 scale mail
rPois   .          Reflect  .   (no helmet)
rElec   .          Harm     .   (no cloak)
rCorr   .          Rampage  .   (no gloves)
Will    .....                   (no boots)
Stlth   ..........              u - amulet of the acrobat
HPRegen 0.12/turn               (no ring)
MPRegen 0.09/turn               (no ring)

@: no status effects
A: spiny 1, weakness stinger 1
a: no special abilities


You were on level 2 of the Dungeon.
You visited 1 branch of the dungeon, and saw 2 of its levels.

You collected 190 gold pieces.

Inventory:

Hand Weapons
 a - a +0 war axe (weapon)
Armour
 b - a +0 scale mail (worn)
 c - a +0 buckler (worn)
Jewellery
 u - an amulet of the acrobat (around neck)
Scrolls
 g - 2 scrolls of identify {unknown}
 i - a scroll of acquirement {unknown}
 j - a scroll of magic mapping {unknown}
 k - a scroll of enchant weapon {unknown}
 l - a scroll of immolation {unknown}
 m - a scroll of blinking {unknown}
 n - a scroll of torment {unknown}
 o - 4 scrolls of amnesia {unknown}
 r - a scroll of teleportation {unknown}
 s - a scroll of summoning {unknown}
Potions
 d - a potion of might
 e - a potion of haste {unknown}
 f - 2 potions of degeneration {unknown}
 h - a potion of invisibility {unknown}
 p - a potion of curing {unknown}
 q - a potion of lignification {unknown}
 t - a potion of flight {unknown}


   Skills:
 + Level 3.6 Fighting
 + Level 2.7 Axes
 + Level 3.1 Armour
 + Level 0.4 Dodging
 + Level 0.1 Stealth
 + Level 3.1 Shields


You had 3 spell levels left.
You didn't know any spells.
Your spell library contained the following spells:

 Spells                   Type           Power      Damage    Failure   Level
 Ozocubu's Armour         Ice            0%         N/A       99%         3
 Ozocubu's Refrigeration  Ice            0%         4d7       100%        7


Dungeon Overview and Level Annotations

Branches:
Dungeon (2/15)

Altars:

Shops:
D:2 =


Innate Abilities, Weirdness & Mutations

You are partially covered in sharp spines.
You have a small tail.


Message History

The gnoll is lightly wounded.
The gnoll hits you with a +4 spear.
You hit the gnoll.
The gnoll is heavily wounded.
The gnoll is struck by your spines. The gnoll hits you with a +4 spear.
The gnoll barely misses you.
You completely miss the gnoll.
The gnoll is severely wounded.
The gnoll hits you with a +4 spear!
You slash the gnoll!
You kill the gnoll!
You closely miss the giant cockroach. You block the giant cockroach's attack.
The giant cockroach completely misses you.
The giant cockroach is struck by your spines.
The giant cockroach completely misses you.
Things that are here:
a +4 spear; a gnoll corpse You hit the giant cockroach.
You kill the giant cockroach!
You see here a giant cockroach corpse.
A gnoll comes into view. It is wielding a +0 spear.
The gnoll shouts!
A gnoll comes into view. It is wielding a +0 flail.
The gnoll shouts!
You see here a scroll labelled ZUMOEMIRPHA.
The gnoll hits you but does no damage. You block the gnoll's attack.
The gnoll completely misses you.
You slash the gnoll!
The gnoll is severely wounded.
You closely miss the gnoll. The gnoll hits you but does no damage.
The gnoll is struck by your spines. The gnoll hits you with a +0 flail.
You block the gnoll's attack. The gnoll hits you with a +0 flail.
* * * LOW HITPOINT WARNING * * *
You barely miss the gnoll.
The gnoll is severely wounded.
You closely miss the gnoll. The gnoll is struck by your spines.
The gnoll hits you with a +0 spear.
* * * LOW HITPOINT WARNING * * *
The gnoll hits you with a +0 flail.
You die...

###+#+## #......#
#......# ## #......# #.
#####.....?#
###.###..##......######
........8.....#g@.....#
.....###.##.†)..g.....+
.....# #∩##.).........#
.....# #.##...........#
....>###<######.......#
......##.# #.......#
#.......8# #.......# #
#........# #...?...# #
#........# ... #


You could see 2 gnolls.

Vanquished Creatures
  A gnoll (D:2)
  3 adders (D:2)
  3 dart slugs (D:1)
  2 ball pythons
  5 endoplasms
  2 giant cockroaches
  6 goblins
  5 hobgoblins
  6 jackals
  2 quokkas (D:1)
  A bat (D:1)
  3 frilled lizards
  6 kobolds (D:1)
  A rat (D:1)
46 creatures vanquished.

Notes
Turn   | Place    | Note
-------+----------+-------------------------------------------
     0 | D:1      | xian the Demonspawn Fighter began the quest for the Orb.
     0 | D:1      | Reached XP level 1. HP: 18/18 MP: 1/1
   248 | D:1      | Gained mutation: You are partially covered in sharp spines.
                  | [demonic ancestry]
   248 | D:1      | Reached XP level 2. HP: 20/24 MP: 2/2
   894 | D:1      | Gained mutation: You have a small tail. [demonic ancestry]
   894 | D:1      | Reached XP level 3. HP: 29/29 MP: 3/3
  1343 | D:2      | Reached XP level 4. HP: 35/36 MP: 4/4
  1485 | D:2      | Found a faded altar of an unknown god.
  1678 | D:2      | Found Xuycomp's Jewellery Shoppe.
  1702 | D:2      | Slain by a gnoll

Illustrated notes

Levels and vault maps discovered:
D:1:      wander_arrival_estate, layout_loops_ring, minmay_cupped
D:2:      layout_basic, ebering_ecumenical_altar_abandoned, serial_shops,
          shop_statue

Skill      XL: |  1  2  3 |
---------------+----------+-----
Axes           | 2 |  2.7
Armour         | 3 |  3.1
Shields        | 3 |  3.1
Fighting       | |  3.6
Dodging        | |  0.4
Stealth        | |  0.1

Action                   |  1- 3 |  4- 6 || total
-------------------------+-------+-------++-------
Melee: War axe           |    72 |    15 ||    87
       Tailslap          |     3 |     1 ||     4
Armor: Scale mail        |    41 |     3 ||    44
Dodge: Dodged            |    38 |     4 ||    42
Block: Buckler           |    15 |     6 ||    21
